 Dungeon Crawl Stone Soup version 0.26-a0-504-g0cf647090d (webtiles) character file.

Game seed: 592075438064787884

53 Ge0ff the Ruffian (level 3, -5/29 HPs)
             Began as a Barachi Warper on Aug 8, 2020.
             Slain by an orc priest (6 damage)
             ... on level 3 of the Dungeon.
             The game lasted 00:05:04 (683 turns).

Ge0ff the Ruffian (Barachi Warper)                   Turns: 683, Time: 00:05:04

Health: -5/29      AC:  0    Str: 13    XL:     3   Next: 89%
Magic:  6/6        EV: 12    Int: 13    God:
Gold:   19         SH:  0    Dex: 17    Spells: 6/6 levels left

rFire    . . .     SeeInvis .   b - +1 dagger (elec) {don't train}
rCold    . . .     Faith    .   (no shield)
rNeg     . . .     Spirit   .   a - +0 leather armour
rPois    +         Reflect  .   G - +0 helmet "Vifack" {*Corrode +Blink rPois Dex+6}
rElec    .         Harm     .   (no cloak)
rCorr    .                      (no gloves)
MR       .....                  (no boots)
Stlth    +.........             (no amulet)
HPRegen  0.09/turn              (no ring)
MPRegen  0.10/turn              (no ring)

@: corroded, slow
A: +LOS, swims, slowness 1, strong legs 1
a: Hop, Evoke Blink


You were on level 3 of the Dungeon.
You visited 1 branch of the dungeon, and saw 3 of its levels.

You collected 19 gold pieces.

Inventory:

Hand Weapons
 b - a +1 dagger of electrocution (weapon) {don't train}
Missiles
 d - a boomerang of dispersal (quivered) {don't train}
 C - 21 stones {don't train}
Armour
 a - a +0 leather armour (worn)
 F - a +0 pair of gloves
 G - the +0 helmet "Vifack" (worn) {*Corrode +Blink rPois Dex+6}
   (You took it off Robin on level 2 of the Dungeon)

   It affects your dexterity (+6).
   It protects you from poison.
   It lets you blink.
   It may corrode you when you take damage.
Jewellery
 J - an uncursed amulet of faith {unknown}
Scrolls
 B - 2 scrolls of blinking
 D - a scroll of identify {unknown}
 I - 2 scrolls of enchant armour {unknown}
 K - a scroll of remove curse {unknown}
Potions
 H - a potion of ambrosia {unknown}


   Skills:
 + Level 3.4 Fighting
 - Level 1.0 Throwing
 - Level 1.2 Armour
 - Level 2.1 Dodging
 * Level 3.9 Unarmed Combat
 - Level 2.1 Spellcasting
   Level 3.2 Translocations


You had 6 spell levels left.
You didn't know any spells.
Your spell library contained the following spells:

 Spells                   Type           Power        Failure   Level
 Blink                    Tloc           N/A          12%         2
 Gell's Gravitas          Tloc           #.........   24%         3
 Lesser Beckoning         Tloc           #.........   24%         3
 Teleport Other           Tloc           #.......     24%         3
 Passage of Golubria      Tloc           N/A          63%         4


Dungeon Overview and Level Annotations

Branches:
Dungeon (3/15)

Altars:
Fedhas


Innate Abilities, Weirdness & Mutations

You can be seen from farther away. (+LOS)
You can swim through water.
You cover ground slowly.
You can hop short distances.


Message History

The orc is almost dead.
The orc barely misses you. The orc hits you but does no damage.
You barely miss the orc.
The orc is almost dead.
The orc hits you with a cursed +0 hand axe.
* * * LOW HITPOINT WARNING * * *
Your corrosive artefact corrodes you!
The orc barely misses you.
You hit the orc. Lightning courses through the orc!
You kill the orc!
The orc hits you with a cursed +0 hand axe.
* * * LOW HITPOINT WARNING * * *
You hit the orc priest but do no damage.
The orc priest closely misses you.
The orc hits you with a cursed +0 hand axe.
* * * LOW HITPOINT WARNING * * *
You barely miss the orc priest. The orc priest barely misses you.
The orc closely misses you.
You closely miss the orc priest. The orc priest hits you.
You die...

#..........#
#.....<....#
##+#.###+###
##+#.....#
#.....####
#.....+
#)....###
#.....o.#
#.###.#@# #+
#+#o# ...
...## ....#
.....#
......#
.......#
........#


You could see an orc priest and an orc.

Vanquished Creatures
  Robin (D:2)
  A worm (D:2)
  A dart slug (D:3)
  2 leopard geckos
  2 orcs
  4 giant cockroaches
  8 goblins
  A hobgoblin (D:2)
  3 jackals
  2 kobolds
  5 rats
30 creatures vanquished.

Vanquished Creatures (others)
  A fungus (D:2)
1 creature vanquished.

Grand Total: 31 creatures vanquished

Notes
Turn   | Place    | Note
-------+----------+-------------------------------------------
     0 | D:1      | Ge0ff the Barachi Warper began the quest for the Orb.
     0 | D:1      | Reached XP level 1. HP: 17/17 MP: 3/3
   132 | D:2      | Reached XP level 2. HP: 19/23 MP: 5/5
   240 | D:2      | Found a blossoming altar of Fedhas.
   389 | D:2      | HP: 1/24 [orc/+0 mace (5)]
   485 | D:2      | Reached XP level 3. HP: 13/29 MP: 6/6
   506 | D:2      | Identified the +0 helmet "Vifack" {*Corrode +Blink rPois
                  | Dex+6}
   506 | D:2      | Noticed Robin
   543 | D:2      | Killed Robin
   681 | D:3      | HP: 1/29 [orc/cursed +0 hand axe (4)]
   683 | D:3      | Slain by an orc priest

Illustrated notes

Levels and vault maps discovered:
D:1:      dpeg_arrival_prison, layout_basic, serial_park_tiny_2, hex_medium,
          nrook_loot_triangle, serial_park_tiny_1
D:2:      layout_loops_cross, fedhas_altar_3, tso_altar, uniq_jessica,
          uniq_robin
D:3:      layout_basic, nemelex_altar_shiori, gammafunk_ghost_gnarly_gnolls,
          minmay_pentangle

Skill      XL: |  1  2 |
---------------+-------+-----
Unarmed Combat | 3 |  3.9
Fighting       | 3 |  3.4
Throwing       | |  1.0
Armour         | |  1.2
Dodging        | |  2.1
Spellcasting   | |  2.1
Translocations | |  3.2

Action                   || total
-------------------------++-------
Melee: Unarmed           ||    81
       Dagger            ||    54
Throw: Stone             ||     5
       Boomerang         ||     4
  Use: Potion            ||     1
Armor: Leather armour    ||    22
       Skin              ||     2
Dodge: Dodged            ||    70

Table legend: (Time is in decaauts)
 A = Elapsed time spent in this place.
 B = Non-inter-level travel time spent in this place.
 C = Inter-level travel time spent in this place.
 D = Time resting spent in this place.
 E = Time spent auto-exploring this place.
 F = Levels seen in this place.
 G = Mean time per level.
                   A        B        C        D        E       F      G
               +--------+--------+--------+--------+--------+-----+--------+
         Total |    809 |    809 |      0 |      0 |      0 |   3 |  269.7 |
       Dungeon |    809 |    809 |      0 |      0 |      0 |   3 |  269.7 |
               +--------+--------+--------+--------+--------+-----+--------+

Top non-repeatable levels by time:
     D:2: 518 daAuts
     D:1: 205 daAuts
     D:3: 85 daAuts
